Map: Cactus Valley LE (Void)

Players

AgCl

  • Race: Protoss Protoss

YUNGJUN - Winner!

  • Race: Terran Terran

VOD

Have the link to the VOD?

Description

Time

  • Played on: May 1, 2015, 1:26 a.m.
  • Length: 5:18
Show
View Real Time Build Order
Export as new Build Order

AgCl Protoss 

Build Orders: Oracle Opening, Oracle Opening 

Get SALT Encoding   

  12  0:02  Probe  
  13  0:16  Pylon  
  13  0:18  Probe  
  14  0:35  Probe  
  15  0:45  Assimilator  
  15  0:47  Probe  
  15  0:48  Gateway  
  16  0:59  Probe  
  16  1:02  Pylon  
  17  1:11  Probe (Chrono Boost)  
  18  1:22  Probe (Chrono Boost)  
  19  1:28  Probe (Chrono Boost)  
  20  1:37  Cybernetics Core  
  20  1:38  Zealot (Chrono Boost)  
  22  1:40  Probe  
  23  1:50  Assimilator  
  23  1:52  Probe  
  24  2:04  Probe  
  24  2:15  Stargate  
  24  2:16  Probe (Chrono Boost)  
  25  2:26  Probe (Chrono Boost)  
  26  2:33  Probe  
  25  2:46  Mothership Core (Chrono Boost)  
  25  2:50  Nexus  
  27  2:53  Pylon  
  27  2:54  Pylon, Warp Gate  
  27  3:09  Oracle (Chrono Boost)  
  27  3:11  Probe  
  31  3:23  Probe  
  30  3:36  Probe (Chrono Boost), Pylon  
  32  3:48  Probe (Chrono Boost)  
  32  4:00  Probe (Chrono Boost)  
  31  4:08  Probe (Chrono Boost)  
  32  4:11  Probe (Chrono Boost)  
  32  4:15  Probe (Chrono Boost)  
  33  4:21  Probe (Chrono Boost)  
  34  4:30  Assimilator  
  36  4:33  Assimilator  
  36  4:35  Forge  
  36  4:37  Fleet Beacon  
  34  4:41  Probe (Chrono Boost)  
  34  4:44  Probe (Chrono Boost)  
  36  4:49  Probe (Chrono Boost)  
  36  4:52  Probe (Chrono Boost)  
  36  4:54  Pylon  
  36  4:59  Probe (Chrono Boost)  
  37  5:02  Probe (Chrono Boost)  
  38  5:14  Photon Cannon x2  
Show
View Real Time Build Order
Export as new Build Order

YUNGJUN Terran - Winner!

Build Orders: Reaper Expand 

Get SALT Encoding   

  12  0:00  SCV  
  13  0:13  SCV  
  14  0:17  Supply Depot  
  14  0:25  SCV  
  15  0:39  SCV  
  15  0:40  Barracks  
  16  0:44  Refinery  
  16  0:51  SCV  
  17  1:03  SCV  
  18  1:21  SCV  
  19  1:29  Reaper  
  20  1:34  Orbital Command  
  20  1:41  Command Center  
  20  1:52  Supply Depot  
  20  2:00  SCV  
  21  2:02  Barracks Reactor  
  21  2:12  SCV  
  22  2:16  Barracks  
  22  2:17  Barracks  
  22  2:29  SCV  
  23  2:38  Marine x2  
  23  2:41  SCV  
  26  2:48  Bunker  
  26  2:53  SCV  
  26  2:54  Orbital Command  
  26  2:56  Marine  
  28  2:59  Marine  
  28  3:05  Barracks Tech Lab, Marine  
  30  3:09  Refinery  
  30  3:14  SCV  
  30  3:18  Marine x2  
  33  3:23  Marine  
  33  3:25  SCV  
  35  3:32  SCV  
  36  3:38  Supply Depot, Marine, SCV  
  36  3:39  Marine x2  
  40  3:44  SCV, Engineering Bay  
  40  3:47  Marine  
  42  3:52  SCV  
  43  3:56  Marine x2  
  43  3:57  Marine  
  46  4:04  SCV  
  46  4:05  SCV  
  48  4:12  Marine  
  48  4:14  Marine  
  49  4:17  Marine x2  
  49  4:18  Supply Depot  
  49  4:22  Factory  
  49  4:23  SCV x2, Refinery  
  53  4:31  Barracks Tech Lab  
  53  4:37  SCV  
  54  4:39  SCV, Marine x2  
  54  4:40  Supply Depot, Marauder  
  59  4:47  Supply Depot  
  59  4:51  Supply Depot  
  59  4:53  SCV x2  
  61  5:05  SCV x2  
  69  5:07  Starport  
  69  5:08  Factory Reactor  
  69  5:14  Supply Depot  
Tags
 
Add a new tag
Caveats
  • Supply blocks, unpowered buildings, or Contaminate may cause inaccurate times.
  • Supply counts are checked every 10 seconds.